AoeStats
← Huevo Rondina ++

Nomad

504932438Analyzed
2v2 RM · 25d ago on Sep 7, 2026· 39m 3s· 4 players
Game mode
Random Map
Map size
176×176
Population
200
Speed
Normal
Resources
Standard
Victory
Conquest
Starting age
Dark Age
Ending age
Imperial Age
RankedLock teamsTeams togetherTeam positionsShared explorationLock speedFull tech treeHidden civsTurbo modeCheats
Victory
Defeat
🇺🇸 Bohemians · United States
1001
+15
🇦🇺 Burgundians · Australia
989
+16
🇦🇷 Spanish · Argentina
1042
-18
🇦🇷 Britons · Argentina
930
-16
[DM]gallo+4teRETUVE
3:11 Loom
13:40 Feudal Age
19:55 Castle Age
19:22 Double-Bit Axe
19:30 Stone Mining
19:51 Fletching
29:21 Bodkin Arrow
30:20 Masonry
32:43 Ballistics
38:43 Bow Saw
Huevo Rondina ++
3:36 Loom
18:08 Feudal Age
21:07 Double-Bit Axe
21:07 Horse Collar
34:01 Gold Mining
deshoman
15:33 Feudal Age
14:25 Loom
21:11 Castle Age
keadles
5:03 Loom
14:14 Feudal Age
21:18 Forging
24:47 Castle Age
23:27 Scale Mail Armor
24:16 Double-Bit Axe
25:14 Scale Barding Armor
28:53 Cavalier
29:36 Husbandry
Connection lost

Rejoining the realm…

Still unreachable

The connection could not be restored.

Session expired

The server has moved on; the page needs a fresh start.